 Dungeon Crawl Stone Soup version 0.29.1-15-g9cfb28693d (webtiles) character file.

Game seed: 6631409476130445920

67 Peloso the Covered (level 4, 40/40 HPs)
             Began as a Minotaur Fighter on Apr 2, 2023.
             Got out of the dungeon alive.
             The game lasted 00:03:24 (1782 turns).

Peloso the Covered (Minotaur Fighter)               Turns: 1782, Time: 00:03:25

Health: 40/40      AC: 14    Str: 19    XL:     4   Next: 0%
Magic:  3/3        EV:  5    Int:  5    God:
Gold:   90         SH:  4    Dex: 11    Spells: 3/3 levels left

rFire   . . .      SeeInvis .   a - +1 long sword
rCold   . . .      Faith    .   c - +0 buckler
rNeg    . . .      Spirit   .   h - +0 plate armour
rPois   .          Reflect  .   (helmet restricted)
rElec   .          Harm     .   (no cloak)
rCorr   .          Rampage  .   (no gloves)
Will    .....                   (no boots)
Stlth   ..........              (no amulet)
HPRegen 0.13/turn               (no ring)
MPRegen 0.08/turn               (no ring)

@: no status effects
A: horns 2, retaliatory headbutt, shaggy fur 2, weak 1
a: no special abilities


You escaped.
You visited 1 branch of the dungeon, and saw 2 of its levels.

You collected 90 gold pieces.

Inventory:

Hand Weapons
 a - a +1 long sword (weapon)
Armour
 b - a +0 scale mail
 c - a +0 buckler (worn)
 h - a +0 plate armour (worn)
Scrolls
 e - 2 scrolls of teleportation
 f - a scroll of enchant weapon
Potions
 d - a potion of might
 m - a potion of brilliance {unknown}


   Skills:
 + Level 4.1 Fighting
 + Level 3.5 Long Blades
 + Level 4.5 Armour
 + Level 0.1 Dodging
 + Level 4.1 Shields


You had 3 spell levels left.
You didn't know any spells.
Your spell library was empty.

Dungeon Overview and Level Annotations

Branches:
Dungeon (2/15)

Altars:
Wu Jian


Innate Abilities, Weirdness & Mutations

You have a pair of horns on your head.
You reflexively headbutt those who attack you in melee.
You are covered in thick fur. (AC +2)
You are weak. (Str -2)


Message History

Your bat is poisoned.
Your bat is engulfed in poison gas.
Your bat looks even sicker.
Your rat is engulfed in poison gas.
Your rat is poisoned.
You kill your rat!
Your rat's corpse dissolves into shadows!
Your bat is engulfed in poison gas.
Your bat looks even sicker.
You kill your bat!
Your bat's corpse dissolves into shadows!
It was a potion of berserk rage.
A red film seems to cover your vision as you go berserk!
You feel yourself moving faster!
You feel mighty!
You feel a strong urge to attack something.
You feel your anger nearly subside.
You are no longer berserk.
You are exhausted.
You feel yourself slow down.
It was a potion of mutation.
You feel extremely strange. Fur sprouts all over your body.
You feel weaker.
Your fur grows into a thick mane.
Sorry, you're not good enough to have a special ability.
(D) Dungeon
Where to? (Enter - D:12, ? - help)
Okay, then.
(D) Dungeon
Where to? (Enter - D:12, ? - help)
What level of the Dungeon? (default 1, ? - help)
There is an open door here.
You feel yourself speed up.
There is a stone staircase leading up here.
You climb upwards.
There is a stone staircase leading down here.
You recover from your berserk rage.
There is an open door here.
There is an open door here.
There is a staircase leading out of the dungeon here.
Are you sure you want to leave the Dungeon?
This will make you lose the game!
You have escaped!

#.###.##.#...##
####........#....#
###.....##..############
###...###.###.##..#.P.#PP#
...>### #.# #.##.†'...'.(#
.#### #.###.##..#...#..#
..## #..##.#####...####
...## ##.##.##P.#...#.P#
....# #..#..#@.'...'..#
....# ##....##P.#.#.#..#
....# ##......####.#.####
...#####..###..#..#...#~.#
..#......## #..#..'...'.P#
##..#########.##..#...#.P#
...## ##....#####...####
#### ####..##.##..#...#..#
# #....###.##..'...'..#


There were no monsters in sight!

Vanquished Creatures
  An adder (D:2)
  A worm (D:2)
  A dart slug (D:1)
  3 bats
  5 endoplasms
  2 giant cockroaches (D:1)
  4 goblins
  4 hobgoblins
  4 jackals (D:1)
  5 ball pythons
  6 frilled lizards
  4 kobolds (D:1)
  13 rats
53 creatures vanquished.

Notes
Turn   | Place    | Note
-------+----------+-------------------------------------------
     0 | D:1      | Peloso the Minotaur Fighter began the quest for the Orb.
     0 | D:1      | Reached XP level 1. HP: 19/19 MP: 0/0
    69 | D:1      | Reached XP level 2. HP: 27/27 MP: 1/1
   273 | D:1      | Found a faded altar of an unknown god.
   731 | D:1      | Reached XP level 3. HP: 33/33 MP: 2/2
  1305 | D:2      | Found an ornate altar of the Wu Jian Council.
  1560 | D:2      | Reached XP level 4. HP: 40/40 MP: 3/3
  1593 | D:2      | Identified the -1 pair of boots of Tadozely {rF++ Slay-3}
  1736 | D:2      | Gained mutation: You are covered in fur. (AC +1) [potion of
                  | mutation]
  1736 | D:2      | Gained mutation: You are weak. (Str -2) [potion of
                  | mutation]
  1736 | D:2      | Gained mutation: You are covered in thick fur. (AC +2)
                  | [potion of mutation]
  1782 | D:$      | Got out of the dungeon alive.

Illustrated notes

Levels and vault maps discovered:
D:1:      dpeg_arrival_prison, layout_rooms,
          hellmonk_ecumenical_altar_crossroads, hangedman_glass_teeth,
          st_stairs_3
D:2:      layout_basic, basic_altar

Skill      XL: |  1  2  3 |
---------------+----------+-----
Armour         | 4 |  4.5
Shields        | 4 |  4.1
Fighting       | 4 |  4.1
Long Blades    | 3 |  3.5
Dodging        | |  0.1

Action                   |  1- 3 |  4- 6 || total
-------------------------+-------+-------++-------
Melee: Long sword        |   104 |       ||   104
       Headbutt          |    12 |       ||    12
  Use: Scroll            |     2 |     5 ||     7
       Potion            |       |     2 ||     2
Armor: Scale mail        |    15 |       ||    15
       Plate armour      |    72 |       ||    72
Dodge: Dodged            |    44 |       ||    44
Block: Buckler           |    26 |       ||    26
